 Dungeon Crawl Stone Soup version 0.28-a0-265-g048bc9fd10 (webtiles) character file.

Game seed: 7236077423961236212

4 Ankalagon the Twirler (level 1, 0/19 HPs)
             Began as a Naga Gladiator on Aug 27, 2021.
             Slain by a kobold (3 damage)
             ... on level 1 of the Dungeon.
             The game lasted 00:00:28 (99 turns).

Ankalagon the Twirler (Naga Gladiator)                Turns: 99, Time: 00:00:29

Health: 0/19       AC:  3    Str: 16    XL:     1   Next: 60%
Magic:  1/1        EV: 10    Int:  8    God:
Gold:   0          SH:  0    Dex: 12    Spells: 0/0 levels left

rFire   . . .      SeeInvis +   a - +0 quarterstaff
rCold   . . .      Faith    .   (shield currently unavailable)
rNeg    . . .      Spirit   .   b - +0 leather armour
rPois   +          Reflect  .   c - +1 helmet
rElec   .          Harm     .   (no cloak)
rCorr   .          Rampage  .   (no gloves)
Will    .....                   (no barding)
Stlth   +.........              (no amulet)
HPRegen 0.06/turn               (no ring)
MPRegen 0.07/turn               (no ring)

@: very slow
A: AC +0, large, see invisible, deformed body, poison resistance, slowness 2,
spit poison 1, naga tail 1
a: Spit Poison


You were on level 1 of the Dungeon.
You visited 1 branch of the dungeon, and saw 1 of its levels.

Inventory:

Hand Weapons
 a - a +0 quarterstaff (weapon)
Missiles
 d - a throwing net (quivered)
Armour
 b - a +0 leather armour (worn)
 c - a +1 helmet (worn)


   Skills:
 - Level 2.0 Fighting
 + Level 3.3 Staves
 - Level 1.7 Throwing
 - Level 2.4 Dodging


You couldn't memorise any spells.
You didn't know any spells.
Your spell library was empty.

Dungeon Overview and Level Annotations

Branches:
Dungeon (1/15)

Altars:


Innate Abilities, Weirdness & Mutations

Your serpentine skin is tough. (AC +0)
You have supernaturally acute eyesight. (SInv)
Armour fits poorly on your strangely shaped body.
Your system is resistant to poisons. (rPois)
You cover ground very slowly.
You can spit poison.
You have a snake-like lower body.


Message History

You barely miss the goblin. The goblin barely misses you.
You closely miss the goblin. You barely miss the goblin. The goblin misses you.
You hit the goblin but do no damage. The goblin hits you with a +0 dagger.
The goblin hits you with a +0 club.
Abil: Spit Poison
Press: ? - help, Q - select action, (/) - cycle Shift-Dir - straight line, f - goblin
Aim: a goblin, wielding a +0 dagger The splash of poison misses the goblin.
The goblin hits you with a +0 dagger. The goblin hits you with a +0 club.
You are too injured to fight recklessly!
You are too injured to fight recklessly!
You are too injured to fight recklessly!
You hit the goblin.
You kill the goblin!
The goblin hits you with a +0 club. The kobold hits you with a +0 dagger.
The goblin hits you with a +0 club.
* * * LOW HITPOINT WARNING * * *
You aren't carrying any potions.
As you read the scroll labelled EFIPANKUEMO, it crumbles to dust.
It is a scroll of enchant armour.
Your +0 helmet glows green for a moment.
The kobold closely misses you. The goblin hits you with a +0 club.
* * * LOW HITPOINT WARNING * * *
You closely miss the kobold. The kobold hits you but does no damage.
The goblin barely misses you.
Throw: 3 throwing nets
Press: ? - help, Q - select action, (/) - cycle Shift-Dir - straight line, f - kobold
Aim: a kobold, wielding a +0 dagger (50% to hit)
You throw a throwing net. The throwing net misses the kobold.
The throwing net closely misses the quokka.
The kobold closely misses you. The goblin barely misses you.
Throw: 2 throwing nets
Press: ? - help, Q - select action, (/) - cycle Shift-Dir - straight line, f - goblin, p - kobold
Aim: a goblin, wielding a +0 club (50% to hit)
You throw a throwing net. The throwing net hits the goblin.
The goblin is caught in the net!
You have got your breath back.
The kobold hits you with a +0 dagger.
You die...

#########
###?....(.####
.............
#.......#
#$.r###
#.#Kg.##
.rK#@#..##
....#####..#
### .....g
#....##### ..
......
####..##.# ..
.....
#.###.#.##.#
.....
.#...##.#^#.###
......#...#...#
##...≈..≈...#.#
#.##.≈≈≈≈.≈...#


You could see a quokka, a goblin (caught) and a kobold.

Vanquished Creatures
  A giant cockroach (D:1)
  A goblin (D:1)
  2 rats (D:1)
4 creatures vanquished.

Notes
Turn   | Place    | Note
-------+----------+-------------------------------------------
     0 | D:1      | Ankalagon the Naga Gladiator began the quest for the Orb.
     0 | D:1      | Reached XP level 1. HP: 19/19 MP: 1/1
    99 | D:1      | Slain by a kobold

Illustrated notes

Levels and vault maps discovered:
D:1:      dpeg_arrival_subterranean_lakeside_camping, layout_rooms,
          hellmonk_ecumenical_altar_heavens_door

Action                   || total
-------------------------++-------
Melee: Quarterstaff      ||    13
Throw: Throwing net      ||     2
 Abil: Spit Poison       ||     2
  Use: Scroll            ||     1
Armor: Leather armour    ||     1
Dodge: Dodged            ||    11

Table legend: (Time is in decaauts)
 A = Elapsed time spent in this place.
 B = Non-inter-level travel time spent in this place.
 C = Inter-level travel time spent in this place.
 D = Time resting spent in this place.
 E = Time spent auto-exploring this place.
 F = Levels seen in this place.
 G = Mean time per level.
                   A        B        C        D        E       F      G
               +--------+--------+--------+--------+--------+-----+--------+
         Total |    118 |    118 |      0 |      0 |     73 |   1 |  118.0 |
       Dungeon |    118 |    118 |      0 |      0 |     73 |   1 |  118.0 |
               +--------+--------+--------+--------+--------+-----+--------+

Top non-repeatable levels by time:
     D:1: 118 daAuts
